 Dungeon Crawl Stone Soup version 0.30-a0-1074-g5db6f66fbb (webtiles) character file.

Game seed: 6001345728393380595

2323 funkygono the Cleaver (level 9, -8/78 HPs)
             Began as a Minotaur Fighter on Apr 13, 2023.
             Mangled by a komodo dragon (24 damage)
             ... on level 6 of the Dungeon.
             The game lasted 00:08:26 (5417 turns).

funkygono the Cleaver (Minotaur Fighter)            Turns: 5417, Time: 00:08:26

Health: -8/78      AC: 18    Str: 24    XL:     9   Next: 19%
Magic:  8/8        EV:  9    Int:  5    God:
Gold:   477        SH:  5    Dex: 11    Spells: 8/8 levels left

rFire   . . .      SeeInvis .    a - +0 war axe
rCold   . . .      Faith    .    c - +0 buckler
rNeg    . . .      Spirit   .    x - +0 chain mail
rPois   +          Reflect  .    (helmet restricted)
rElec   .          Rampage  .    C - +2 cloak
rCorr   .                        (no gloves)
Will    .....                    (no boots) Stlth
                                 (no amulet)
HPRegen 0.33/turn                k - ring of poison resistance
MPRegen 0.11/turn                o - +4 ring of protection

@: studying Axes
A: horns 2, retaliatory headbutt
a: no special abilities


You were on level 6 of the Dungeon.
You visited 1 branch of the dungeon, and saw 6 of its levels.

You collected 477 gold pieces.

Inventory:

Hand Weapons
 a - a +0 war axe (weapon)
Missiles
 u - 3 poisoned darts (quivered)
Armour
 c - a +0 buckler (worn)
 x - a +0 chain mail (worn)
 C - a +2 cloak (worn)
Jewellery
 k - a ring of poison resistance (left hand)
 o - a +4 ring of protection (right hand)
Wands
 b - a wand of digging (6)
 y - a wand of iceblast (6)
Scrolls
 e - 3 scrolls of identify {unknown}
 f - 2 scrolls of magic mapping {unknown}
 h - a scroll of enchant weapon {unknown}
 l - 2 scrolls of vulnerability {unknown}
 m - 2 scrolls of fear {unknown}
 p - a scroll of butterflies {unknown}
 r - 2 scrolls of noise {unknown}
 s - 3 scrolls of fog {unknown}
 v - a scroll of immolation {unknown}
 B - a scroll of teleportation {unknown}
 E - a scroll of enchant armour {unknown}
Potions
 d - 3 potions of might
 g - 2 potions of invisibility {unknown}
 i - 3 potions of brilliance {unknown}
 j - a potion of attraction {unknown}
 n - a potion of berserk rage {unknown}
 q - 3 potions of heal wounds {unknown}
 t - a potion of magic {unknown}
 w - a potion of curing {unknown}
 z - a potion of mutation {unknown}
 A - a potion of haste {unknown}
 D - a potion of flight {unknown}


   Skills:
 + Level 6.7 Fighting
 + Level 13.3 Axes
 + Level 8.0 Armour
 + Level 3.4 Dodging
 + Level 1.0 Stealth
 + Level 5.2 Shields


You had 8 spell levels left.
You didn't know any spells.
Your spell library contained the following spells:

 Spells                   Type           Power      Damage    Failure   Level
 Lesser Beckoning         Tloc           0%         N/A       99%         2
 Call Canine Familiar     Summ           0%         N/A       100%        3
 Gell's Gravitas          Tloc           0%         N/A       100%        3
 Ozocubu's Armour         Ice            0%         N/A       100%        3
 Portal Projectile        Hex/Tloc       0%         N/A       100%        3
 Teleport Other           Tloc           0%         N/A       100%        3
 Tukima's Dance           Hex            0%         N/A       100%        3
 Leda's Liquefaction      Hex/Erth       0%         N/A       100%        4
 Blade Hands              Tmut           0%         N/A       100%        5
 Ozocubu's Refrigeration  Ice            0%         4d7       100%        7


Dungeon Overview and Level Annotations

Branches:
Dungeon (6/15)
 Temple: D:4-7

Altars:
Cheibriados
Fedhas
Qazlal
Sif Muna
Uskayaw
Xom
Zin


Innate Abilities, Weirdness & Mutations

You have a pair of horns on your head.
You reflexively headbutt those who attack you in melee.


Message History

You hit the two-headed ogre.
Your headbutt misses the two-headed ogre.
The two-headed ogre is lightly wounded.
You closely miss the komodo dragon. The komodo dragon bites you.
You slash the two-headed ogre!
You headbutt the two-headed ogre, but do no damage.
The two-headed ogre is moderately wounded.
You hit the komodo dragon. You block the two-headed ogre's attack.
The two-headed ogre hits you with a +0 giant club.
The komodo dragon closely misses you.
You closely miss the two-headed ogre.
The two-headed ogre is moderately wounded.
You hit the komodo dragon. The komodo dragon bites you.
You slash the two-headed ogre!
Your headbutt misses the two-headed ogre.
The two-headed ogre is heavily wounded.
You hit the komodo dragon but do no damage.
The two-headed ogre hits you with a +0 giant spiked club!
The two-headed ogre hits you with a +0 giant club.
You block the komodo dragon's attack.
You hit the two-headed ogre but do no damage.
The two-headed ogre is moderately wounded.
You barely miss the komodo dragon. You block the two-headed ogre's attack.
The two-headed ogre barely misses you. The komodo dragon closely misses you.
You slash the two-headed ogre! You headbutt the two-headed ogre.
The two-headed ogre is severely wounded.
You closely miss the komodo dragon. The komodo dragon bites you!
You barely miss the two-headed ogre.
The two-headed ogre is severely wounded.
You slash the komodo dragon!
The two-headed ogre hits you with a +0 giant spiked club.
The two-headed ogre hits you with a +0 giant club!!
* * * LOW HITPOINT WARNING * * *
You slash the two-headed ogre! You headbutt the two-headed ogre.
The two-headed ogre is almost dead.
You hit the komodo dragon. The komodo dragon barely misses you.
You slash the two-headed ogre!
You kill the two-headed ogre!
You slash the komodo dragon! The komodo dragon bites you!!
You die...

##.#.....h#..#...)(.#
##.#.....o#..#...†..#
.#.#..#####..#####..#
##.# #..#......# ##.#
#..#......# ##.#
#..#..##### ...#
#..#..#).}# ####
#..#..#):)#
#..#..@l.$# #########
#..########
........###.......###
....#.#.#.#.#.#.#.#.##
.....................#
....#.#.#.#.#.#.#.#.##
####.................#
##)#)#.#.#.#.#.#.##
####.)...............#


You could see a komodo dragon.

Vanquished Creatures
  A two-headed ogre (D:6)
  Prince Ribbit (D:6)
  A water moccasin (D:3)
  Pargi (D:4)
  An ice beast (D:5)
  3 black bears
  An ogre (D:6)
  2 phantoms (D:5)
  A bullfrog (D:6)
  A scorpion (D:6)
  2 howler monkeys
  7 hounds
  3 orc priests
  3 jellies
  A gnoll bouda (D:6)
  8 iguanas
  8 orc wizards
  14 adders
  4 gnolls (D:6)
  3 ufetubi
  4 worms (D:2)
  20 orcs
  12 ball pythons
  8 bats
  8 endoplasms
  3 giant cockroaches
  4 goblins
  6 hobgoblins
  15 jackals
  7 kobolds
  7 quokkas
  A frilled lizard (D:3)
  4 rats
165 creatures vanquished.

Vanquished Creatures (others)
  2 fungi (D:3)
  2 plants (D:3)
  4 toadstools (D:1)
8 creatures vanquished.

Grand Total: 173 creatures vanquished

Notes
Turn   | Place    | Note
-------+----------+-------------------------------------------
     0 | D:1      | funkygono the Minotaur Fighter began the quest for the Orb.
     0 | D:1      | Reached XP level 1. HP: 19/19 MP: 0/0
    82 | D:1      | Reached XP level 2. HP: 26/27 MP: 1/1
   937 | D:2      | Reached skill level 3 in Axes
   937 | D:2      | Reached XP level 3. HP: 33/33 MP: 2/2
  1341 | D:2      | Reached XP level 4. HP: 38/41 MP: 3/3
  1716 | D:3      | Reached skill level 1 in Dodging
  1719 | D:3      | Noticed a black bear
  1725 | D:3      | Killed a black bear
  1726 | D:3      | Reached skill level 4 in Axes
  1726 | D:3      | Reached XP level 5. HP: 42/47 MP: 4/4
  1746 | D:3      | Noticed a water moccasin
  1754 | D:3      | Killed a water moccasin
  1755 | D:3      | Reached skill level 5 in Armour
  1755 | D:3      | Reached XP level 6. HP: 43/55 MP: 5/5
  1869 | D:3      | Found a shimmering altar of Xom.
  1985 | D:3      | Found a glowing silver altar of Zin.
  1989 | D:3      | Found a snail-covered altar of Cheibriados.
  1993 | D:3      | Found a hide-covered altar of Uskayaw.
  2126 | D:3      | Found a faded altar of an unknown god.
  2407 | D:4      | Reached skill level 5 in Axes
  2489 | D:4      | Reached skill level 5 in Fighting
  2606 | D:4      | Reached XP level 7. HP: 43/61 MP: 6/6
  2611 | D:4      | Reached skill level 6 in Axes
  2894 | D:4      | Found a blossoming altar of Fedhas.
  3056 | D:4      | Found a stormy altar of Qazlal.
  3115 | D:4      | Reached skill level 7 in Axes
  3222 | D:4      | Noticed Pargi
  3230 | D:4      | Killed Pargi
  3697 | D:5      | Entered Level 5 of the Dungeon
  3717 | D:5      | Reached skill level 8 in Axes
  3969 | D:5      | Reached XP level 8. HP: 43/70 MP: 7/7
  3974 | D:5      | Reached skill level 9 in Axes
  4220 | D:5      | Reached skill level 10 in Axes
  4220 | D:5      | Reached skill level 5 in Shields
  4545 | D:6      | Found a shimmering blue altar of Sif Muna.
  4731 | D:6      | Reached skill level 11 in Axes
  4754 | D:6      | Reached skill level 12 in Axes
  5304 | D:6      | Noticed Prince Ribbit
  5323 | D:6      | Killed Prince Ribbit
  5324 | D:6      | Reached skill level 1 in Stealth
  5324 | D:6      | Reached XP level 9. HP: 78/78 MP: 8/8
  5329 | D:6      | Reached skill level 13 in Axes
  5407 | D:6      | Noticed a two-headed ogre
  5408 | D:6      | Noticed a komodo dragon
  5417 | D:6      | Killed a two-headed ogre
  5417 | D:6      | Mangled by a komodo dragon

Illustrated notes

Levels and vault maps discovered:
D:1:      ldierk_walled_garden_2, layout_loops_corners, grunt_decor_cap
D:2:      minmay_door_path, layout_loops_cross, hangedman_abyss_or_decor_stabs
D:3:      layout_basic, amcnicky_altar_gilded, grunt_temple_overflow_open,
          shapermc_ecumenical_altar_mp_urbaneastern
D:4:      nicolae_cairo_tiling_large_dashed, layout_layer_cave,
          grunt_temple_overflow_forces_of_nature, minmay_manual_mail, uniq_pargi
D:5:      layout_cave_pools
D:6:      kennysheep_windowed_halls, layout_basic,
          nicolae_sif_muna_condensation, st_stairs_11, minmay_misc_feat_rows,
          uniq_prince_ribbit1

Skill      XL: |  1  2  3  4  5  6  7  8  9 |
---------------+----------------------------+-----
Fighting       | 4 5 6 |  6.7
Axes           | 3 4 5 8 12 13 | 13.3
Armour         | 4 5 6 7 8 |  8.0
Shields        | 4 5 |  5.2
Dodging        | 1 2 3 |  3.4
Stealth        | 1 |  1.0

Action                     |  1- 3 |  4- 6 |  7- 9 || total
---------------------------+-------+-------+-------++-------
  Melee: War axe           |    83 |   121 |   196 ||   400
         Headbutt          |    12 |    18 |    40 ||    70
    Use: Potion            |       |       |     1 ||     1
 Armour: Scale mail        |    42 |    68 |    18 ||   128
         Chain mail        |       |       |   107 ||   107
  Dodge: Dodged            |    36 |    61 |   111 ||   208
  Block: Buckler           |    17 |    32 |    46 ||    95

Table legend: (Time is in decaauts)
 A = Elapsed time spent in this place.
 B = Non-inter-level travel time spent in this place.
 C = Inter-level travel time spent in this place.
 D = Time resting spent in this place.
 E = Time spent auto-exploring this place.
 F = Levels seen in this place.
 G = Mean time per level.
                   A        B        C        D        E       F      G
               +--------+--------+--------+--------+--------+-----+--------+
         Total |   5496 |   5260 |    236 |      0 |   4180 |   6 |  916.0 |
       Dungeon |   5496 |   5260 |    236 |      0 |   4180 |   6 |  916.0 |
               +--------+--------+--------+--------+--------+-----+--------+

Top non-repeatable levels by time:
     D:4: 1438 daAuts
     D:6: 986 daAuts
     D:1: 882 daAuts
     D:2: 830 daAuts
     D:3: 705 daAuts
     D:5: 653 daAuts
